 Dungeon Crawl Stone Soup version 0.26-a0-833-g7262b39652 (webtiles) character file.

Game seed: 11024429083935232006

57262 Atelerd the Thaumaturge (level 14, -5/102 HPs)
             Began as an Octopode Venom Mage on Nov 16, 2020.
             Was a Priest of Sif Muna.
             Slain by a redback zombie (6 damage)
             ... on level 1 of the Spider Nest.
             The game lasted 01:14:25 (24519 turns).

Atelerd the Thaumaturge (Octopode Venom Mage)      Turns: 24519, Time: 01:14:25

Health: -5/102     AC: 10    Str:  8    XL:     14   Next: 85%
Magic:  14/40      EV: 14    Int: 24    God:    Sif Muna [***...]
Gold:   1155       SH:  0    Dex: 15    Spells: 13/39 levels left

rFire    . . .     SeeInvis .   (weapon currently unavailable)
rCold    + + .     Faith    +   (shield currently unavailable)
rNeg     + + .     Spirit   .   (helmet currently unavailable)
rPois    +         Reflect  .   R - amulet of faith
rElec    .         Harm     .   o - ring of magical power
rCorr    .         Rampage  .   z - ring of fire
MR       +++..                  J - ring "Uthrac" {rN+ MR+ Int+2 Dex+3}
Stlth    ..........             K - ring of protection from magic
HPRegen  0.27/turn              M - ring of attention
MPRegen  0.27/turn              Q - +4 ring of slaying
                                N - ring of positive energy
                                (no ring)

@: confused, ice-form, berserk cooldown, slowed, very slow
A: large, almost no armour, stealthy swim, amphibious, 8 rings, (constrict 8)
a: End Transformation, Channel Magic, Forget Spell, Renounce Religion


You were on level 1 of the Spider Nest.
You worshipped Sif Muna.
Sif Muna was most pleased with you.
You were a creature of crystalline ice.
You visited 4 branches of the dungeon, and saw 18 of its levels.

You collected 1155 gold pieces.

Inventory:

Hand Weapons
 r - the +12 Vampire's Tooth (melded) {vamp}
   (You found it on level 4 of the Dungeon)

   It inflicts no extra harm, but heals its wielder when it wounds a living foe.
 s - the cursed +1 whip of Xoguyd {flame, rPois Int+4, unknown}
   (You found it on level 3 of the Lair of Beasts)

   It has been specially enchanted to burn those struck by it, causing extra
   injury to most foes and up to half again as much damage against particularly
   susceptible opponents.
   It affects your intelligence (+4).
   It protects you from poison.
   It has a curse placed upon it.
 B - a cursed -3 falchion
 L - the +5 fustibalus of Immorality {venom, Str+6 Dex-4, unknown}
   (You found it on level 4 of the Lair of Beasts)

   It poisons the ammo it fires.
   It affects your strength (+6).
   It affects your dexterity (-4).
Armour
 I - the +0 hat of Eqe Ihuz (melded) {Dex+3}
   (You found it on level 3 of the Lair of Beasts)

   It affects your dexterity (+3).
Jewellery
 o - a ring of magical power (left front paw)
 z - a ring of fire (right front paw)
 J - the ring "Uthrac" (on tentacle) {rN+ MR+ Int+2 Dex+3}
   (You found it on level 3 of the Lair of Beasts)

   [ring of protection from magic]

   It affects your intelligence (+2).
   It affects your dexterity (+3).
   It protects you from negative energy.
   It affects your resistance to hostile enchantments.
 K - a ring of protection from magic (on tentacle)
 M - a ring of attention (on tentacle)
 N - a ring of positive energy (on tentacle)
 Q - a +4 ring of slaying (on tentacle)
 R - an amulet of faith (around neck)
Wands
 e - a wand of acid (13)
 t - a wand of flame (30)
 x - a wand of enslavement (10)
 y - a wand of disintegration (24)
 D - a wand of digging (4)
 H - a wand of paralysis (6)
 O - a wand of polymorph (12)
Scrolls
 a - a scroll of noise
 b - 5 scrolls of enchant armour
 c - 5 scrolls of teleportation
 d - 6 scrolls of amnesia
 k - 3 scrolls of enchant weapon
 n - 4 scrolls of remove curse
 p - a scroll of fog
 u - 2 scrolls of magic mapping
 w - a scroll of silence
 C - a scroll of vulnerability
 P - a scroll of fear {unknown}
Potions
 g - 5 potions of lignification
 h - 4 potions of flight {unknown}
 i - 6 potions of attraction
 j - a potion of brilliance
 q - 2 potions of curing
 A - 3 potions of mutation
 E - a potion of degeneration {unknown}
 F - 2 potions of invisibility {unknown}
 G - 2 potions of haste {unknown}


   Skills:
 - Level 4.0 Fighting
 - Level 2.0 Short Blades
 - Level 7.0 Dodging
 - Level 6.0 Stealth
 - Level 13.0 Spellcasting
 - Level 12.0 Conjurations
 - Level 5.0 Summonings
 - Level 3.0 Transmutations
 - Level 9.2 Fire Magic
 * Level 6.0 Ice Magic
 - Level 3.0 Air Magic
 - Level 7.0 Poison Magic
 - Level 8.0 Invocations


You had 13 spell levels left.
You knew the following spells:

 Your Spells              Type           Power        Failure   Level
a - Sting                 Tmut/Pois      ####         1%          1
b - Mephitic Cloud        Conj/Pois/Air  ######..     1%          3
c - Freezing Cloud        Conj/Ice/Air   #####.....   32%         6
d - Summon Lightning Spi  Summ/Air       ####....     8%          4
e - Olgreb's Toxic Radia  Pois           #####...     2%          4
f - Ignite Poison         Fire/Tmut/Pois ######..     1%          3
g - Fireball              Conj/Fire      #######...   1%          5

Your spell library contained the following spells:

 Spells                   Type           Power        Failure   Level
 Foxfire                  Conj/Fire      ####         1%          1
 Summon Small Mammal      Summ           ####         1%          1
 Ensorcelled Hibernation  Hex/Ice        ####..       1%          2
 Poisonous Vapours        Pois/Air       #####.       1%          2
 Conjure Flame            Conj/Fire      #######.     1%          3
 Dazzling Flash           Conj/Hex       #####.       1%          3
 Inner Flame              Hex/Fire       ######..     1%          3
 Ozocubu's Armour         Ice            #####...     1%          3
 Sticky Flame             Conj/Fire      #######.     1%          4
 Animate Skeleton         Necr           ###...       3%          1
 Apportation              Tloc           ###...       3%          1
 Corona                   Hex            ###....      3%          1
 Ice Form                 Ice/Tmut       #####...     6%          4
 Confusing Touch          Hex            ###.....     12%         3
 Tukima's Dance           Hex            ###.....     12%         3
 Metabolic Englaciation   Hex/Ice        ####......   30%         5
 Leda's Liquefaction      Hex/Erth       ###.......   36%         4
 Ozocubu's Refrigeration  Ice            #####.....   45%         6
 Silence                  Hex/Air        ###.......   50%         5


Dungeon Overview and Level Annotations

Branches:
Dungeon (11/15)            Temple (1/1) D:7            Lair (6/6) D:11
  Swamp (0/4) Lair:3       Spider (1/4) Lair:4        Slime (0/5) Lair:6
    Orc: D:9-12

Altars:
Ashenzari
Cheibriados
Dithmenos
Elyvilon
Fedhas
Gozag
Hepliaklqana
Kikubaaqudgha
Makhleb
Nemelex Xobeh
Okawaru
Qazlal
Ru
Sif Muna
Trog
Uskayaw
Vehumet
Wu Jian
Xom
Yredelemnul
Zin
The Shining One

Annotations:
D:7 2 transporters, exclusion: downstairs
D:11 Harold
Lair:2 exclusion: downstairs
Lair:5 exclusion: downstairs
Lair:6 1 runed translucent door, exclusion: orange crystal statue, pentaxis93's ghost, journeyman DrTm


Innate Abilities, Weirdness & Mutations

You cannot wear most types of armour.
You are very stealthy in the water. (Stealth+)
You are amphibious.
You can wear up to eight rings at the same time.
((You can use your tentacles to constrict eight enemies at once.))
((Your skin changes colour to match your surroundings (Stealth+).))
((Your rubbery body absorbs attacks. (AC +1, EV +1)))


Message History

The tarantella zombie bites you!
* * * LOW HITPOINT WARNING * * *
Okay, then.
Okay, then.
Okay, then.
Okay, then.
Okay, then.
Cast which spell? (? or * to list)
Okay, then.
Unknown command.
Okay, then.
It was a potion of ambrosia.
You are confused.
You feel invigorated.
You hear an angry buzzing noise.
The tarantella zombie completely misses you.
The tarantella zombie bites you!
* * * LOW HITPOINT WARNING * * *
The redback zombie bites you.
You die...

.
######.........###
#...........
...........
#..........
#...Z......
#..ZZ......
##.Z.......
#.ZZZ......
+..Y......P
##.........
###.....## #...##
....s..... #.##
......... .#
s........ ##
......)..
........#


You could see 2 wolf spider zombies, 3 tarantella zombies and 2 redback zombies.

Vanquished Creatures
  Gastronok (Lair:1)
  2 hydras (Lair:2)
  2 boulder beetles
  A catoblepas (Lair:6)
  Erica (D:11)
  10 death yaks
  A deep troll shaman (Lair:6)
  A queen ant (D:8)
  3 wolf spider zombies (Spider:1)
  A lindwurm (Lair:6)
  An ugly thing (D:8)
  5 black mambas
  16 elephants
  Psyche (D:8)
  4 torpor snails
  13 cane toads
  2 rime drakes
  10 komodo dragons
  2 redback zombies (Spider:1)
  4 polar bears
  Grinder (D:6)
  7 jumping spiders
  Prince Ribbit (D:7)
  A hornet (D:11)
  2 slime creatures (Lair:6)
  10 blink frogs
  2 tarantella zombies (Spider:1)
  6 dream sheep
  Sigmund (D:3)
  2 redbacks (Lair:4)
  A shadow (D:11)
  2 tarantellas
  3 wyverns
  46 yaks
  5 basilisks
  2 wargs (D:11)
  A steam dragon (Lair:4)
  7 soldier ants (D:8)
  15 water moccasins
  Duvessa (D:7)
  3 ice beasts
  4 sky beasts
  4 orc warriors
  2 black bears
  3 phantoms
  15 wolves
  3 ogres
  7 centaurs
  A big kobold (D:9)
  14 bullfrogs
  A water moccasin skeleton (D:8)
  Dowan (D:7)
  4 scorpions
  6 killer bees
  3 electric eels
  4 howler monkeys (D:9)
  7 lava snakes
  A bullfrog zombie (D:8)
  A centaur zombie (D:6)
  5 hounds
  9 orc wizards
  3 bullfrog skeletons
  4 jellies
  7 orc priests
  Ijyb (D:5)
  Natasha (thrice) (D:2)
  An iguana (D:8)
  9 hell rats
  33 worker ants
  2 hound skeletons
  A worker ant zombie (D:7)
  Robin (D:3)
  8 gnolls
  A howler monkey skeleton (D:7)
  4 adders
  3 river rats (Lair:1)
  3 shadow imps (D:8)
  4 white imps
  2 ufetubi
  2 oozes
  2 adder skeletons
  2 worms (D:3)
  3 dart slugs
  3 leopard geckos
  28 orcs
  3 giant cockroaches
  8 goblins
  16 hobgoblins
  3 jackals (D:2)
  2 quokkas
  2 ball pythons
  6 bats
  6 frilled lizards
  A jackal zombie (D:5)
  15 kobolds
  2 leopard gecko skeletons
  A quokka skeleton (D:4)
  22 rats
  A bush (Lair:1)
  A butterfly (Lair:6)
514 creatures vanquished.

Vanquished Creatures (collateral kills)
  A wolf spider zombie (Spider:1)
1 creature vanquished.

Vanquished Creatures (others)
  A wolf spider zombie (Spider:1)
  A redback zombie (Spider:1)
  2 jumping spiders (Spider:1)
  A tarantella zombie (Spider:1)
  43 fungi
  86 plants
134 creatures vanquished.

Grand Total: 649 creatures vanquished

Notes
Turn   | Place    | Note
-------+----------+-------------------------------------------
     0 | D:1      | Atelerd the Octopode Venom Mage began the quest for the
                  | Orb.
     0 | D:1      | Reached XP level 1. HP: 11/11 MP: 3/3
   197 | D:1      | Reached XP level 2. HP: 12/17 MP: 0/5
   806 | D:1      | Reached XP level 3. HP: 21/21 MP: 6/6
   810 | D:1      | Learned a level 3 spell: Mephitic Cloud
  1301 | D:2      | Noticed Natasha
  1314 | D:2      | Killed Natasha
  1315 | D:2      | Reached skill level 1 in Conjurations
  1315 | D:2      | Reached skill level 1 in Air Magic
  1625 | D:2      | Reached XP level 4. HP: 22/27 MP: 8/8
  1738 | D:2      | Noticed Natasha
  1756 | D:2      | Killed Natasha
  2047 | D:2      | Noticed Natasha
  2055 | D:2      | Killed Natasha
  2056 | D:2      | Reached skill level 3 in Spellcasting
  2056 | D:2      | Reached XP level 5. HP: 31/31 MP: 0/9
  2438 | D:2      | Learned a level 3 spell: Ignite Poison
  3041 | D:3      | Noticed Sigmund
  3052 | D:3      | Killed Sigmund
  3053 | D:3      | Reached skill level 1 in Fighting
  3053 | D:3      | Reached skill level 5 in Poison Magic
  3053 | D:3      | Reached XP level 6. HP: 19/38 MP: 1/11
  3588 | D:3      | Found a glowing silver altar of Zin.
  4067 | D:3      | Noticed Robin
  4072 | D:3      | Killed Robin
  4205 | D:3      | Learned a level 4 spell: Olgreb's Toxic Radiance
  4524 | D:4      | Found the +12 Vampire's Tooth {vamp}
  4585 | D:4      | Reached XP level 7. HP: 44/44 MP: 2/12
  4775 | D:4      | Found an ornate altar of the Wu Jian Council.
  4776 | D:4      | Found a snail-covered altar of Cheibriados.
  4778 | D:4      | Found a hide-covered altar of Uskayaw.
  4782 | D:4      | Found an opulent altar of Gozag.
  4783 | D:4      | Found a radiant altar of Vehumet.
  4784 | D:4      | Found an ancient bone altar of Kikubaaqudgha.
  4785 | D:4      | Found a sparkling altar of Nemelex Xobeh.
  4786 | D:4      | Found a bloodstained altar of Trog.
  4787 | D:4      | Found a burning altar of Makhleb.
  5194 | D:4      | Reached skill level 4 in Spellcasting
  5511 | D:5      | Entered Level 5 of the Dungeon
  5905 | D:5      | Reached XP level 8. HP: 50/50 MP: 2/14
  6036 | D:5      | Noticed Ijyb
  6044 | D:5      | Killed Ijyb
  6178 | D:5      | Found a stormy altar of Qazlal.
  6201 | D:5      | Reached skill level 5 in Conjurations
  7387 | D:6      | Noticed a wyvern
  7394 | D:6      | Killed a wyvern
  7395 | D:6      | Reached skill level 5 in Spellcasting
  7404 | D:6      | Noticed Grinder
  7419 | D:6      | Killed Grinder
  7420 | D:6      | Reached skill level 1 in Fire Magic
  7636 | D:6      | Reached XP level 9. HP: 54/54 MP: 4/17
  8417 | D:7      | Reached skill level 6 in Spellcasting
  8714 | D:7      | Noticed Prince Ribbit
  8721 | D:7      | Killed Prince Ribbit
  8722 | D:7      | Reached skill level 7 in Spellcasting
  8850 | D:7      | Found a transporter.
  8889 | D:7      | Found a hazy altar of Hepliaklqana.
  8890 | D:7      | Noticed an ogre mage
  9129 | D:7      | Found a staircase to the Ecumenical Temple.
  9146 | Temple   | Entered the Ecumenical Temple
  9428 | Temple   | Became a worshipper of Sif Muna the Loreminder
  9480 | D:7      | Noticed Duvessa
  9607 | D:7      | Noticed Dowan
  9612 | D:7      | Killed Dowan
  9612 | D:7      | Killed Duvessa
  9613 | D:7      | Reached skill level 1 in Invocations
  9613 | D:7      | Reached XP level 10. HP: 49/60 MP: 13/21
  9787 | D:7      | Found a transporter.
  9909 | D:8      | Noticed Psyche
  9909 | D:8      | Noticed a green ugly thing
 10084 | D:8      | Killed a green ugly thing
 10085 | D:8      | Reached skill level 1 in Short Blades
 10172 | D:8      | Killed Psyche
 10173 | D:8      | Reached skill level 5 in Stealth
 10173 | D:8      | Reached skill level 8 in Spellcasting
 10573 | D:8      | Reached * piety under Sif Muna
 10796 | D:8      | Noticed a queen ant
 10805 | D:8      | Killed a queen ant
 10806 | D:8      | Reached skill level 5 in Dodging
 10831 | D:8      | Reached skill level 5 in Invocations
 10836 | D:8      | Reached XP level 11. HP: 55/67 MP: 0/23
 10837 | D:8      | Reached ** piety under Sif Muna
 11640 | D:9      | Found an opulent altar of Gozag.
 11910 | D:9      | You fall into a shaft and drop 2 floors!
 11912 | D:11     | Found a staircase to the Lair.
 11958 | D:11     | Noticed Erica
 11960 | D:11     | Reached *** piety under Sif Muna
 11962 | D:11     | HP: 1/67 [Erica/bolt of poison (27)]
 11969 | D:11     | Killed Erica
 11980 | D:11     | Reached skill level 9 in Spellcasting
 11994 | Lair:1   | Entered Level 1 of the Lair of Beasts
 12682 | Lair:1   | Learned a level 5 spell: Fireball
 13056 | Lair:1   | Reached skill level 5 in Fire Magic
 13423 | Lair:1   | Noticed Gastronok
 13436 | Lair:1   | Killed Gastronok
 13437 | Lair:1   | Reached XP level 12. HP: 44/72 MP: 15/25
 14100 | Lair:2   | Noticed a six-headed hydra
 14111 | Lair:2   | Killed a six-headed hydra
 15082 | Lair:2   | Noticed a seven-headed hydra
 15097 | Lair:2   | Killed a seven-headed hydra
 15776 | Lair:3   | Reached **** piety under Sif Muna
 15931 | Lair:3   | Found a runed translucent door.
 15951 | Lair:3   | Found a staircase to the Swamp.
 15989 | Lair:3   | Found a dark tunnel.
 16159 | Lair:3   | Reached skill level 10 in Spellcasting
 16211 | Lair:3   | Reached XP level 13. HP: 79/79 MP: 17/27
 17114 | Lair:3   | Got a jewelled whip
 17223 | Lair:3   | Got a glimmering hat
 17229 | Lair:3   | Identified the cursed +0 hat of Eqe Ihuz {Dex+3} (You found
                  | it on level 3 of the Lair of Beasts)
 17391 | Lair:3   | Got an ancient bronze ring
 17394 | Lair:3   | Identified the ring "Uthrac" {rN+ MR+ Int+2 Dex+3} (You
                  | found it on level 3 of the Lair of Beasts)
 17528 | Lair:4   | Got an ebony fustibalus
 17542 | Lair:4   | Reached skill level 10 in Conjurations
 17572 | Lair:4   | Reached skill level 11 in Spellcasting
 17771 | Lair:4   | Found a hole to the Spider Nest.
 18455 | Lair:4   | Reached ***** piety under Sif Muna
 18830 | Lair:4   | Identified Celoroong's Volume of Beguiling and Calling (Sif
                  | Muna gifted it to you on level 4 of the Lair of Beasts)
 18830 | Lair:4   | Received a gift from Sif Muna
 18837 | Lair:4   | Learned a level 4 spell: Summon Lightning Spire
 19477 | Lair:5   | Reached skill level 12 in Spellcasting
 19578 | Lair:5   | Reached skill level 1 in Summonings
 19999 | Lair:5   | Reached XP level 14. HP: 85/85 MP: 23/30
 20727 | Lair:6   | Entered Level 6 of the Lair of Beasts
 21082 | Lair:6   | Reached skill level 5 in Summonings
 21397 | Lair:6   | Got a glimmering spear
 21402 | Lair:6   | Noticed pentaxis93's ghost (journeyman DrTm)
 21406 | Lair:6   | Found a runed translucent door.
 21428 | Lair:6   | Identified Luavext Jaiss's Catalogue of the Glacier (Sif
                  | Muna gifted it to you on level 6 of the Lair of Beasts)
 21428 | Lair:6   | Received a gift from Sif Muna
 21439 | Lair:6   | Learned a level 6 spell: Freezing Cloud
 21583 | Lair:6   | Reached skill level 1 in Ice Magic
 21835 | Lair:6   | Found a staircase to the Slime Pits.
 23215 | Lair:6   | Reached skill level 13 in Spellcasting
 23707 | Lair:6   | Identified the +4 spear of the Screaming Sybil {antimagic,
                  | rPois Int+3 Dex+4} (You found it on level 6 of the Lair of
                  | Beasts)
 24043 | D:11     | Noticed Harold
 24473 | Spider:1 | Entered Level 1 of the Spider Nest
 24484 | Spider:1 | Reached skill level 5 in Ice Magic
 24512 | Spider:1 | HP: 4/102 [moth of wrath (17)]
 24518 | Spider:1 | HP: 4/102 [tarantella zombie (9)]
 24519 | Spider:1 | HP: 1/102 [tarantella zombie (7)]
 24519 | Spider:1 | Slain by a redback zombie

Illustrated notes

Levels and vault maps discovered:
D:1:      evilmike_arrival_rings, layout_loops_ring
D:2:      layout_basic, uniq_natasha
D:3:      layout_loops_cross, nicolae_overflow_crystal_walls, uniq_robin,
          uniq_sigmund
D:4:      layout_basic, minitemple
D:5:      layout_basic, grunt_qazlal_sundering, uniq_ijyb
D:6:      layout_basic, uniq_grinder
D:7:      layout_rooms, gammafunk_temple_overflow_arena,
          minmay_temple_entry_large_hall, uniq_duvessa, uniq_prince_ribbit1
D:8:      layout_rooms, zaba_antful_of_joy, uniq_psyche
D:9:      layout_roguey, grunt_decor_fettered, grunt_ministairs_10,
          nicolae_gozag_cash_rules_everything_around_me, uniq_joseph
D:11:     layout_basic, erik_lair_orcish_takeover, minmay_st_funbox,
          chequers_serial_rivers_large_a, uniq_erica, uniq_harold, uniq_nergalle
Temple:   jpeg_temple_alley_garden
Lair:1:   layout_loops_ring, serial_bayou_pond_b, kennysheep_abandoned_house,
          serial_bayou_shore_b, uniq_gastronok
Lair:2:   wander_river, layout_chaotic_city, infiniplex_staircase_pool
Lair:3:   gammafunk_indiana_jones, layout_chaotic_city, swamp_mist_pool,
          enter_volcano_4
Lair:4:   layout_roguey, nicolae_spider_entry_tight_spaces, grunt_megastairs_3,
          lemuel_fruit_tree, serial_bayou_shore_a
Lair:5:   layout_loops_ring, grunt_megastairs_1
Lair:6:   grunt_lair_end_beastmaster, layout_regular_city,
          minmay_slime_entry_pillars, hellmonk_ghost_happy_afterlife,
          lookout_lair_type, disabler_island, grunt_megastairs_2,
          lemuel_fruit_fields
Spider:1: lemuel_spider_zombies

Skill      XL: |  1  2  3  4  5  6  7  8  9 10 11 12 13 14 |
---------------+-------------------------------------------+-----
Poison Magic   | 4 5 6 7 |  7.0
Conjurations   | 1 3 4 5 7 9 11 12 | 12.0
Air Magic      | 1 2 3 |  3.0
Spellcasting   | 3 4 5 7 8 9 10 12 13 | 13.0
Fighting       | 1 2 3 4 |  4.0
Stealth        | 3 4 6 |  6.0
Dodging        | 3 4 5 6 7 |  7.0
Transmutations | 2 3 |  3.0
Fire Magic     | 1 2 7 9 |  9.2
Invocations    | 1 5 8 |  8.0
Short Blades   | 2 |  2.0
Summonings     | 3 5 |  5.0
Ice Magic      | 6 |  6.0

Action                   |  1- 3 |  4- 6 |  7- 9 | 10-12 | 13-15 || total
-------------------------+-------+-------+-------+-------+-------++-------
Melee: Unarmed           |     6 |       |       |       |       ||     6
       Constrict         |     8 |    23 |    17 |    34 |    10 ||    92
       Tentacles         |     4 |    13 |    13 |    19 |    25 ||    74
       Spear             |    37 |    99 |       |       |       ||   136
       Quick blade       |       |       |    87 |   174 |    93 ||   354
 Cast: Sting             |    27 |    50 |    27 |    40 |    10 ||   154
       Mephitic Cloud    |     1 |    10 |    30 |    25 |    18 ||    84
       Ignite Poison     |       |     3 |    29 |    57 |    80 ||   169
       Olgreb's Toxic Ra |       |       |    23 |    77 |   152 ||   252
       Fireball          |       |       |       |    22 |    46 ||    68
       Summon Lightning  |       |       |       |       |     2 ||     2
       Ice Form          |       |       |       |       |     1 ||     1
Invok: Channel Magic     |       |       |       |     3 |     5 ||     8
       Divine Exegesis   |       |       |       |       |     1 ||     1
Evoke: Wand              |       |       |     5 |     5 |    14 ||    24
  Use: Scroll            |       |       |    10 |     6 |    16 ||    32
       Potion            |       |       |       |     5 |     4 ||     9
 Stab: Sleeping          |     6 |     5 |     7 |     3 |     1 ||    22
       Confused          |     1 |     4 |       |     2 |     2 ||     9
       Paralysed         |       |       |       |       |     3 ||     3
Armor: Skin              |     4 |     5 |     5 |     3 |     2 ||    19
Dodge: Dodged            |    23 |    52 |    70 |   114 |    92 ||   351

Table legend: (Time is in decaauts)
 A = Elapsed time spent in this place.
 B = Non-inter-level travel time spent in this place.
 C = Inter-level travel time spent in this place.
 D = Time resting spent in this place.
 E = Time spent auto-exploring this place.
 F = Levels seen in this place.
 G = Mean time per level.
                   A        B        C        D        E       F      G
               +--------+--------+--------+--------+--------+-----+--------+
         Total |  24430 |  23527 |    903 |   8873 |  11604 |  18 | 1357.2 |
       Dungeon |  11637 |  11400 |    237 |   4139 |   5619 |  10 | 1163.7 |
        Temple |    433 |    345 |     88 |    106 |    230 |   1 |  433.0 |
          Lair |  12315 |  11738 |    577 |   4628 |   5755 |   6 | 2052.5 |
   Spider Nest |     43 |     43 |      0 |      0 |      0 |   1 |   43.0 |
               +--------+--------+--------+--------+--------+-----+--------+

Top non-repeatable levels by time:
  Lair:1: 2731 daAuts
  Lair:6: 2661 daAuts
  Lair:4: 1927 daAuts
  Lair:5: 1737 daAuts
     D:2: 1718 daAuts
  Lair:3: 1693 daAuts
  Lair:2: 1563 daAuts
     D:5: 1528 daAuts
     D:4: 1458 daAuts
     D:8: 1428 daAuts
     D:3: 1372 daAuts
     D:1: 1295 daAuts
     D:6: 1149 daAuts
     D:7: 960 daAuts
     D:9: 520 daAuts
